AoeStats
← Dd

Arena

510479618Analyzed
4v4 RM · 19h ago on Oct 1, 2026· 44m 6s· 8 players
Game mode
Random Map
Map size
Large (8 player)
Population
200
Speed
Normal
Resources
Standard
Victory
Conquest
Starting age
Dark Age
Ending age
Imperial Age
RankedLock teamsTeams togetherTeam positionsShared explorationLock speedFull tech treeHidden civsTurbo modeCheats
Victory
Defeat
🇨🇳 Italians · China
1426
+13
🇨🇳 Poles · China
1426
+13
🇹🇼 Teutons · Taiwan
1396
+15
🇨🇳 Persians · China
1382
+15
🇭🇰 Persians · Hong Kong SAR China
1453
-18
🇦🇷 Britons · Argentina
1344
-13
🇭🇰 Varangians · Hong Kong SAR China
1343
-13
🇨🇳 Huns · China
1324
-12
MAD
5:38 Loom
8:34 Feudal Age
10:00 Double-Bit Axe
12:08 Fletching
25:32 Castle Age
24:33 Stone Mining
26:17 Bodkin Arrow
27:01 Guard Tower
30:36 Fortified Wall
35:30 Horse Collar
37:48 Heavy Plow
40:58 Wheelbarrow
40:58 Scale Mail Armor
41:33 Bow Saw
41:46 Forging
41:26 Pikeman
41:51 Gambesons
42:07 Squires
41:52 Arson
42:23 Chain Mail Armor
46:23 Imperial Age
44:10 Hand Cart
44:49 Iron Casting
猪大肠
10:59 Feudal Age
11:45 Double-Bit Axe
14:31 Castle Age
15:26 Bow Saw
18:25 Loom
21:40 Horse Collar
27:20 Imperial Age
25:29 Ballistics
25:28 Fletching
25:40 Padded Archer Armor
27:49 Bodkin Arrow
28:41 Bracer
28:57 Leather Archer Armor
29:44 Chemistry
28:44 Gold Mining
30:56 Two-Man Saw
29:56 Heavy Plow
32:05 Elite Genoese Crossbowman
33:05 Conscription
33:16 Ring Archer Armor
33:41 Thumb Ring
33:48 Stone Mining
34:07 Elite Skirmisher
35:52 Crop Rotation
42:47 Scale Barding Armor
42:53 Forging
祈求好运
10:41 Feudal Age
14:39 Castle Age
12:40 Double-Bit Axe
12:57 Horse Collar
15:41 Bow Saw
20:13 Heavy Plow
22:21 Wheelbarrow
23:55 Hand Cart
23:51 Loom
27:41 Imperial Age
25:20 Gold Mining
25:49 Scale Barding Armor
25:58 Forging
26:47 Gold Shaft Mining
27:14 Chain Barding Armor
27:09 Husbandry
27:19 Bloodlines
28:15 Iron Casting
27:29 Cavalier
29:38 Plate Barding Armor
29:32 Conscription
31:12 Blast Furnace
32:00 Savar
33:46 Fletching
36:33 Coinage
38:13 Banking
39:22 Guilds
39:13 Caravan
41:32 Light Cavalry
43:03 Bodkin Arrow
44:15 Two-Man Saw
43:05 Hussar
Dd
11:19 Feudal Age
15:25 Castle Age
13:42 Double-Bit Axe
16:13 Horse Collar
17:41 Heavy Plow
18:09 Loom
23:17 Bow Saw
23:06 Stone Mining
24:41 Wheelbarrow
30:08 Imperial Age
28:15 Scale Barding Armor
28:21 Forging
29:17 Szlachta Privileges
28:45 Pikeman
29:26 Squires
29:32 Scale Mail Armor
30:50 Iron Casting
30:33 Arson
31:07 Chain Mail Armor
31:30 Hand Cart
32:04 Conscription
33:06 Blast Furnace
33:19 Plate Mail Armor
32:47 Elite Obuch
34:06 Cavalier
34:57 Bloodlines
34:47 Husbandry
35:21 Light Cavalry
36:24 Lechitic Legacy
37:00 Town Watch
37:40 Chain Barding Armor
37:11 Fletching
39:07 Padded Archer Armor
39:09 Gold Mining
39:55 Stone Shaft Mining
40:17 Hoardings
41:30 Chemistry
40:51 Ballistics
41:12 Bodkin Arrow
40:41 Winged Hussar
41:46 Murder Holes
42:17 Ballistics
43:19 Bombard Tower
42:40 Treadmill Crane
43:12 Masonry
42:50 Arrowslits
3HK
11:43 Feudal Age
15:41 Castle Age
13:31 Double-Bit Axe
13:35 Horse Collar
16:32 Bow Saw
16:30 Heavy Plow
17:13 Wheelbarrow
20:54 Gold Mining
27:11 Imperial Age
24:48 Scale Barding Armor
24:53 Town Watch
25:44 Hand Cart
25:14 Loom
26:04 Chain Barding Armor
25:47 Husbandry
26:29 Bloodlines
26:41 Forging
27:20 Cavalier
28:57 Plate Barding Armor
29:06 Vendel Legacy
31:15 Two-Man Saw
30:56 Iron Casting
30:44 Capped Ram
33:02 Blast Furnace
31:54 Pikeman
32:35 Squires
33:14 Scale Mail Armor
32:36 Halberdier
34:59 Chain Mail Armor
40:15 Plate Mail Armor
44:39 Conscription
609170940
10:34 Feudal Age
11:43 Double-Bit Axe
14:00 Castle Age
12:11 Horse Collar
15:35 Bow Saw
20:50 Wheelbarrow
20:55 Heavy Plow
22:30 Hand Cart
27:22 Imperial Age
24:39 Loom
25:36 Scale Barding Armor
25:41 Forging
26:34 Stone Mining
26:35 Gold Mining
27:07 Chain Barding Armor
28:02 Iron Casting
28:32 Stone Shaft Mining
28:32 Gold Shaft Mining
28:29 Crop Rotation
29:01 Two-Man Saw
28:43 Conscription
30:36 Blast Furnace
30:45 Plate Barding Armor
30:51 Cavalier
31:41 Bloodlines
31:31 Husbandry
32:30 Bloodlines
31:44 Savar
35:09 Kamandaran
35:01 Fletching
35:11 Padded Archer Armor
36:08 Ballistics
36:15 Crossbowman
37:47 Bodkin Arrow
38:07 Leather Archer Armor
38:40 Thumb Ring
38:51 Leather Archer Armor
40:25 Ring Archer Armor
43:36 Caravan
BocaJuniorsElMasGrande
3:26 Loom
4:27 Loom
6:49 Loom
10:39 Feudal Age
14:49 Castle Age
13:27 Loom
13:24 Horse Collar
13:56 Double-Bit Axe
14:32 Town Watch
16:56 Fletching
19:20 Forging
19:04 Gold Mining
20:00 Bow Saw
20:50 Heavy Plow
21:22 Bodkin Arrow
24:01 Ballistics
25:20 Padded Archer Armor
30:30 Leather Archer Armor
31:19 Elite Skirmisher
35:17 Imperial Age
32:42 Stone Mining
33:02 Forging
36:32 Ring Archer Armor
36:31 Bracer
38:16 Chemistry
38:08 Wheelbarrow
38:31 Guard Tower
38:53 Masonry
40:26 Hand Cart
42:28 Two-Man Saw
43:08 Gold Shaft Mining
43:12 Keep
42:22 Arrowslits
43:12 Architecture
825889483
6:35 Loom
6:45 Loom
8:42 Feudal Age
11:05 Fletching
15:34 Horse Collar
18:44 Double-Bit Axe
22:13 Castle Age
23:08 Bodkin Arrow
26:43 Masonry
27:26 Wheelbarrow
28:41 Ballistics
40:12 Imperial Age
37:53 Gold Mining
38:07 Padded Archer Armor
38:20 Husbandry
43:10 Imperial Age
Connection lost

Rejoining the realm…

Still unreachable

The connection could not be restored.

Session expired

The server has moved on; the page needs a fresh start.